 Dungeon Crawl Stone Soup version 0.31-a0-854-g362426d53f (webtiles) character file.

Game seed: 6292883774118493869

97 Mesmaeker13 the Magician (level 4, 0/24 HPs)
             Began as a Deep Elf Earth Elementalist on Oct 8, 2023.
             Slain by Terence
             ... wielding a +3 hand axe of electrocution
              (4 damage)
             ... on level 2 of the Dungeon.
             The game lasted 00:02:45 (2109 turns).

Mesmaeker13 the Magician (DEEE)                     Turns: 2109, Time: 00:02:45

Health: 0/24       AC:  6    Str:  5    XL:     4   Next: 42%
Magic:  8/12       EV: 12    Int: 22    God:
Gold:   64         SH:  0    Dex: 15    Spells: 7/11 levels left

rFire   . . .        c - staff of conjuration
rCold   . . .        (no shield)
rNeg    . . .        h - +2 leather armour {rPois}
rPois   +            (no helmet)
rElec   .            (no cloak)
rCorr   .            (no gloves)
SInv    .            l - +0 pair of boots
Will    .....        (no amulet)
Stlth   ++           (no ring)
HPRegen 0.24/turn    (no ring)
MPRegen 0.13/turn

%: no passive effects
@: no status effects
A: no striking features
a: no special abilities


You were on level 2 of the Dungeon.
You visited 1 branch of the dungeon, and saw 3 of its levels.

You collected 64 gold pieces.

Inventory:

Missiles
 k - a throwing net
Armour
 h - a +2 leather armour of poison resistance (worn)
 l - a +0 pair of boots (worn)
Magical Staves
 c - a staff of conjuration (weapon)
Scrolls
 a - 3 scrolls of identify {unknown}
 d - 2 scrolls of vulnerability {unknown}
 f - a scroll of blinking {unknown}
 g - a scroll of enchant armour {unknown}
 j - 3 scrolls of teleportation {unknown}
 m - a scroll of enchant weapon {unknown}
Potions
 b - a potion of magic
 e - 2 potions of might {unknown}
 i - a potion of degeneration {unknown}
 n - a potion of heal wounds {unknown}


   Skills:
 + Level 3.4 Dodging
 + Level 3.6 Stealth
 + Level 4.0 Spellcasting
 + Level 1.0 Conjurations
 - Level 1.1 Transmutations
 + Level 4.0 Earth Magic


You had 7 spell levels left.
You knew the following spells:

 Your Spells              Type           Power      Damage    Failure   Level
a - Sandblast             Erth           44%        2d11      3%          1
b - Stone Arrow           Conj/Erth      46%        3d9       21%         3

Your spell library contained the following spells:

 Spells                   Type           Power      Damage    Failure   Level
 Passwall                 Tmut/Erth      12%        N/A       10%         2
 Brom's Barrelling Bould  Conj/Erth      23%        2d4       54%         4
 Petrify                  Tmut/Erth      15%        N/A       54%         4


Dungeon Overview and Level Annotations

Branches:
Dungeon (3/15)

Altars:
Wu Jian

Annotations:
D:2 Terence
D:3 Natasha


Message History

Aim: Terence, wielding a +3 hand axe of electrocution and wearing a +0 ring mail (85% to hit)
The blast of sand hits Terence.
Terence is lightly wounded.
Casting: Sandblast (safe; 3% risk of failure)
Confirm with . or Enter, or press ? or * to list all spells.
Aiming: Sandblast (safe; 3% risk of failure)
Press: ? - help, Shift-Dir - straight line, f/p - Terence
Aim: Terence, wielding a +3 hand axe of electrocution and wearing a +0 ring mail (lightly wounded, 85% to hit)
The blast of sand hits Terence.
Terence is moderately wounded.
Terence closely misses you.
You climb upwards.
There is a stone staircase leading down here.
Casting: Sandblast (safe; 3% risk of failure)
Confirm with . or Enter, or press ? or * to list all spells.
Aiming: Sandblast (safe; 3% risk of failure)
Press: ? - help, Shift-Dir - straight line, f - Terence
Aim: Terence, wielding a +3 hand axe of electrocution and wearing a +0 ring mail (lightly wounded, 85% to hit)
The blast of sand hits Terence.
Terence is heavily wounded.
Terence hits you with a +3 hand axe of electrocution!
Casting: Sandblast (safe; 3% risk of failure)
Confirm with . or Enter, or press ? or * to list all spells.
Aiming: Sandblast (safe; 3% risk of failure)
Press: ? - help, Shift-Dir - straight line, f/p - Terence
Aim: Terence, wielding a +3 hand axe of electrocution and wearing a +0 ring mail (heavily wounded, 85% to hit)
The blast of sand misses Terence.
Terence hits you with a +3 hand axe of electrocution!
* * * LOW HITPOINT WARNING * * *
Terence hits you with a +3 hand axe of electrocution.
* * * LOW HITPOINT WARNING * * *
Casting: Sandblast (safe; 3% risk of failure)
Confirm with . or Enter, or press ? or * to list all spells.
Aiming: Sandblast (safe; 3% risk of failure)
Press: ? - help, Shift-Dir - straight line, f/p - Terence
Aim: Terence, wielding a +3 hand axe of electrocution and wearing a +0 ring mail (heavily wounded, 85% to hit)
The blast of sand hits Terence.
Terence is heavily wounded.
Terence hits you with a +3 hand axe of electrocution.
You die...

#.#.#.########.##.# #..# #
#####.#...# #.##.#####..####
..........# #.##............
###...##### #.########.####. #
#.#.# ###.# #.####. ###.#.#
#...# #......
#.#.#.##########.########
#######
.#...............@......# #
###...##########@######.#######
# .#.....# #.# #........###
#.####.# #.# #........... #.#
#.#########.#####.######.###
#.# #.#...............# #.# #.#
#..........(####### #.#
#.####.#.######### #.###
#........# #.... .......###
#####


You could see Terence.

Vanquished Creatures
  3 adders (D:2)
  A worm (D:2)
  2 orcs (D:3)
  7 endoplasms
  A giant cockroach (D:1)
  A goblin (D:1)
  4 hobgoblins
  10 jackals
  3 kobolds
  3 quokkas (D:1)
  7 ball pythons
  9 bats
  4 frilled lizards
  2 rats
57 creatures vanquished.

Notes
Turn   | Place    | Note
-------+----------+-------------------------------------------
     0 | D:1      | Mesmaeker13 the Deep Elf Earth Elementalist began the quest
                  | for the Orb.
     0 | D:1      | Reached XP level 1. HP: 10/10 MP: 6/6
   120 | D:1      | Reached XP level 2. HP: 15/15 MP: 2/8
   861 | D:1      | Reached XP level 3. HP: 19/19 MP: 7/10
  1056 | D:2      | Learned a level 3 spell: Stone Arrow
  1691 | D:2      | Reached XP level 4. HP: 24/24 MP: 8/11
  1726 | D:2      | Found an ornate altar of the Wu Jian Council.
  2007 | D:3      | Noticed Terence
  2008 | D:3      | Noticed Natasha
  2018 | D:3      | Reached skill level 1 in Conjurations
  2109 | D:2      | Slain by Terence

Illustrated notes

Levels and vault maps discovered:
D:1:      orjb1_lava_funnel, layout_basic, serial_co_window_serial,
          co_window_of_opportunity_a, co_window_paths_a, co_window_paths_a,
          co_window_paths_b, co_window_paths_b, co_window_unsneaky_path_e,
          co_window_paths_c, co_window_broadway_c, glass_columns_a,
          glass_columns_a, glass_columns_a, glass_columns_c
D:2:      layout_loops_ring, basic_altar, kennysheep_generic_room_16
D:3:      layout_rooms, mainiacjoe_overflow_alcove_4,
          mainiacjoe_overflow_alcove_2, uniq_ijyb, uniq_natasha, uniq_terence

Skill      XL: |  1  2  3  4 |
---------------+-------------+-----
Stealth        | 3 |  3.6
Dodging        | 3 |  3.4
Spellcasting   | 4 |  4.0
Conjurations   | 1 |  1.0
Earth Magic    | 4 |  4.0
Transmutations | |  1.1

Action                     |  1- 3 |  4- 6 || total
---------------------------+-------+-------++-------
   Cast: Sandblast         |    62 |    22 ||    84
 Armour: Robe              |     5 |       ||     5
         Leather armour    |     3 |     7 ||    10
  Dodge: Dodged            |    18 |     5 ||    23

Table legend: (Time is in decaauts)
 A = Elapsed time spent in this place.
 B = Non-inter-level travel time spent in this place.
 C = Inter-level travel time spent in this place.
 D = Time resting spent in this place.
 E = Time spent auto-exploring this place.
 F = Levels seen in this place.
 G = Mean time per level.
                   A        B        C        D        E       F      G
               +--------+--------+--------+--------+--------+-----+--------+
         Total |   2150 |   2128 |     22 |     23 |   1738 |   3 |  716.7 |
       Dungeon |   2150 |   2128 |     22 |     23 |   1738 |   3 |  716.7 |
               +--------+--------+--------+--------+--------+-----+--------+

Top non-repeatable levels by time:
     D:1: 1035 daAuts
     D:2: 977 daAuts
     D:3: 136 daAuts
